 Dungeon Crawl Stone Soup version 0.13-a0-2910-g7a74111 (webtiles) character file.

99 PolkaDot the Sneak (level 3, -1/22 HPs)
             Began as a Vampire Wizard on Sept 1, 2013.
             Killed by nerve-wracking pain
             ... invoked by an orc priest
              (7 damage)
             ... on Level 3 of the Dungeon.
             The game lasted 00:03:48 (795 turns).

PolkaDot the Sneak (Vampire Wizard)                  Turns: 795, Time: 00:03:49

HP  -1/22        AC  2     Str  6      XL: 3   Next: 17%
MP   2/19        EV 12     Int 21      God:
Gold 64          SH  0     Dex 12      Spells:  2 memorised,  4 levels left

Res.Fire  : . . .   See Invis. : +   (no weapon)
Res.Cold  : . . .   Warding    : .   a - +0 robe
Life Prot.: . . .   Conserve   : .   (no shield)
Res.Poison: .       Res.Corr.  : .   b - +0 wizard hat
Res.Elec. : .       Clarity    : .   (no cloak)
Sust.Abil.: . .     Spirit.Shd : .   (no gloves)
Res.Mut.  : .       Stasis     : .   (no boots)
Res.Rott. : .       Flight     : .   (no amulet)
Saprovore : . . .                    (no ring)
                                     h - ring of magical power

@: regenerating quickly, slightly resistant to hostile enchantments, stealthy
A: fangs 3, see invisible, unbreathing
a: no special abilities


You were on level 3 of the Dungeon.
You were full.

You visited 1 branch of the dungeon, and saw 4 of its levels.

You collected 44 gold pieces.

Inventory:

Armour
 a - a +0 robe (worn)
 b - a +0 wizard hat (worn)
Scrolls
 d - a scroll of amnesia {unknown}
 e - a scroll of curse armour {unknown}
 f - a scroll of identify {unknown}
 i - a scroll of enchant weapon II {unknown}
Jewellery
 h - a ring of magical power (left hand)
Potions
 g - a potion of heal wounds {unknown}
 j - 2 potions of berserk rage {unknown}
Books
 c - a book of Minor Magic

   Spells                             Type                      Level
   *Magic Dart                        Conjuration                  1
   Blink                              Translocation                2
   Call Imp                           Summoning                    2
   Repel Missiles                     Charms/Air                   2
   Slow                               Hexes                        2
   *Conjure Flame                     Conjuration/Fire             3
   Mephitic Cloud                     Conjuration/Poison/Air       3


   Skills:
 - Level 2.1 Dodging
 - Level 3.0 Stealth
 - Level 3.0 Spellcasting
 * Level 2.3 Conjurations
   Level 1.0 Summonings
   Level 0.7 Translocations


You had 4 spell levels left.
You knew the following spells:

 Your Spells              Type           Power        Failure   Level  Hunger
a - Magic Dart            Conj           ##..         6%          1    None
s - Conjure Flame         Conj/Fire      #.......     30%         3    ###....


Dungeon Overview and Level Annotations

Branches:
Dungeon (4/27)
 Temple: D:4-7

Altars:


Innate Abilities, Weirdness & Mutations

Your natural rate of healing is unusually fast.
You have razor-sharp teeth.*
You have supernaturally acute eyesight.
You can survive without breathing.*


Message History

The orc priest is severely wounded.
The orc priest hits you with a glowing orcish flail!
* * * LOW HITPOINT WARNING * * *
Casting: Magic Dart
Confirm with . or Enter, or press ? or * to list all spells.
Aiming: Magic Dart
Press: ? - help, Shift-Dir - straight line, f/p - orc priest
Aim: an orc priest, wielding a glowing orcish flail and wearing an orcish leather armour (severely wounded)
The magic dart hits the orc priest.
The orc priest is severely wounded.
Casting: Magic Dart
Confirm with . or Enter, or press ? or * to list all spells.
Aiming: Magic Dart
Press: ? - help, Shift-Dir - straight line, f/p - orc priest
Aim: an orc priest, wielding a glowing orcish flail and wearing an orcish leather armour (severely wounded)
The magic dart hits the orc priest.
The orc priest is severely wounded.
The orc priest mumbles some strange prayers to Beogh against you.
Pain shoots through your body!
You die...

.... ....# .... ... ###
.. #)# .# #.# . .# #.#
...
.###############.##......
........[.......@........
..##############o##......
.....o..................
.........)..)..%..... #
.###############.##### .#
#.. .# #.. ## #..
.####### #..


You could see an orc priest.

Vanquished Creatures
  An adder (D:3)
  A giant gecko (D:3)
  4 orcs (D:3)
  4 goblins
  3 hobgoblins
  3 kobolds
  2 bats
  A giant newt (D:1)
  2 rats (D:1)
21 creatures vanquished.

Notes
Turn   | Place    | Note
--------------------------------------------------------------
     0 | D:1      | PolkaDot, the Vampire Wizard, began the quest for the Orb.
     0 | D:1      | Reached XP level 1. HP: 11/11 MP: 6/6
    59 | D:1      | Reached skill level 1 in Conjurations
   281 | D:1      | Reached XP level 2. HP: 17/17 MP: 6/8
   763 | D:3      | Reached XP level 3. HP: 22/22 MP: 10/10
   772 | D:3      | Learned a level 3 spell: Conjure Flame
   795 | D:3      | Killed from afar by an orc priest

Action                   || total
-------------------------++-------
Melee: Club              ||     4
 Cast: Magic Dart        ||    77
  Use: Potion            ||     2
